cohdb
Replays
Latest Replays
All Replays
Popular Replays
Top Player Replays
Match Explorer
How It Works
Community
CoH3 Stats
Reddit
Sign in to upload your games and track your stats! →
Sign in with Steam
44
Match 18549424
Overview
Messages
Build Orders
End
Construct Barracks
Selects Airborne Battlegroup
Selects Heavy Machine Gun Paradrop
Heavy Machine Gun Paradrop
Riflemen Squad
M1 Mortar Team
Grenade Package
Construct Medical Station
Selects Paratrooper Squad Paradrop
Paratrooper Squad Paradrop
Infantry Support Center
Construct Tank Depot
Selects Recon Loiter
Paratrooper Squad Paradrop
Selects Supply Drop
M4A1 Sherman Medium Tank
Engineer Squad
M4A1 Sherman Medium Tank
M4A1 Sherman Medium Tank
Papa Rojo
Dannyant
RitraXP
computerplayer66
PandaNOD
dequinceypamela5
余寶
15907896199
0
0
Comments
sign in to comment!
No comments posted yet!